 Dungeon Sprint DCSS version 0.19-a0-1065-gdac414d (webtiles) character file.

5271 Groucho the Grappler (level 10, -4/93 HPs)
             Began as a Ghoul Fighter on Aug 3, 2016.
             Was the Champion of Cheibriados.
             Slain by a death yak (19 damage)
             ... in the Dungeon (Sprint IX: "|||||||||||||||||||||||||||||").
             The game lasted 00:04:40 (595 turns).

Groucho the Grappler (Ghoul Fighter)                 Turns: 595, Time: 00:04:41

Health: -4/93      AC: 12    Str: 37    XL:     10   Next: 62%
Magic:  3/17       EV: 18    Int: 18    God:    Cheibriados [******]
Gold:   3          SH: 15    Dex: 28    Spells: 0 memorised, 9 levels left

rFire  . . .     SeeInvis .       - Unarmed
rCold  + . .     Gourm    .     r - +1 scale mail
rNeg   + + +     Faith    .     t - +0 shield
rPois  ∞         Spirit   .     q - +0 helmet
rElec  .         Dismiss  .     (no cloak)
rCorr  .         Reflect  .     (no gloves)
SustAt .         Harm     .     p - +0 pair of boots
MR     .....     NoTele   +     (no amulet)
Stlth  +.........               s - +3 ring of dexterity
                                b - +2 ring of evasion

@: very slightly contaminated, rotting, very slow
A: rotting body, claws 1, carnivore 3, cold resistance 1, negative energy
resistance 3, slow regeneration 1, torment resistance, unbreathing
a: Bend Time, Temporal Distortion, Slouch, Step From Time, Renounce Religion


You were in the Dungeon.
You worshipped Cheibriados.
Cheibriados was exalted by your worship.
You were not hungry.

You visited 1 branch You collected 3 gold pieces.

Inventory:

Armour
 p - a +0 pair of boots (worn)
 q - a +0 helmet (worn)
 r - a +1 scale mail (worn)
 t - a +0 shield (worn)
Jewellery
 b - a +2 ring of evasion (left claw)
 s - a +3 ring of dexterity (right claw)
Wands
 o - a wand of iceblast (7/15)
Scrolls
 j - 4 scrolls of blinking
 m - 4 scrolls of remove curse
 n - 2 scrolls of amnesia
 v - a scroll of identify
 w - a scroll of recharging
Potions
 a - 2 potions of resistance
 c - 2 potions of might
 e - 6 potions of curing
 f - a potion of heal wounds
 g - a potion of haste
 h - 4 potions of magic
 i - 3 potions of berserk rage
 l - a potion of invisibility
 u - a potion of brilliance
Comestibles
 d - a meat ration
 k - 14 chunks of flesh


   Skills:
 + Level 9.9 Fighting
 * Level 10.6 Armour
 + Level 6.6 Dodging
 * Level 10.7 Shields
 * Level 12.9 Unarmed Combat
 * Level 11.3 Invocations


You had 9 spell levels left.
You didn't know any spells.

Dungeon Overview and Level Annotations

Branches:
Dungeon (1/1)

Altars:
Cheibriados
Dithmenos
Elyvilon
Fedhas
Gozag
Hepliaklqana
Kikubaaqudgha
Makhleb
Nemelex Xobeh
Okawaru
Pakellas
Qazlal
Ru
Sif Muna
Trog
Uskayaw
Vehumet
Xom
Yredelemnul
Zin
The Shining One
Beogh
Jiyva
Lugonu


Innate Abilities, Weirdness & Mutations

Your body is rotting away.
You thrive on raw meat.
You are immune to poison.
You have sharp fingernails.
You are carnivorous and can eat meat at any time.
Your flesh is cold resistant. (rC+)
You are immune to negative energy. (rN+++)
You regenerate slowly when monsters are visible.
You are immune to unholy pain and torment.
You can survive without breathing.


Message History

You claw the death yak!
The death yak is severely wounded.
Unknown command.
You claw the death yak!
The death yak is almost dead.
The death yak gores you!
* * * LOW HITPOINT WARNING * * *
Unknown command.
Okay, then.
Blink to where?
Press: ? - help, Dir - move target cursor You are very lightly contaminated with residual magic.
As you read the scroll of blinking, it crumbles to dust.
You scratch the death yak.
The death yak is almost dead.
You block the death yak's attack.
You scratch the death yak.
The death yak is almost dead.
The death yak gores you!!
You die...

▓▓▓▓▓▓▓▓▓▓▓▓▓▓▓▓▓▓▓▓▓▓▓▓▓▓▓▓▓
.......†.YYY@.÷÷.÷........÷'.
▓▓▓▓▓▓▓▓▓▓▓▓▓▓▓▓▓▓▓▓▓▓▓▓▓▓▓▓▓▓▓▓▓
.................................
▓▓▓▓▓▓▓▓▓▓▓▓▓▓▓▓▓▓▓▓▓▓▓▓▓▓▓▓▓▓▓▓▓
.÷..[..)|..'_____________________
▓▓▓▓▓▓▓▓▓▓▓▓▓▓▓▓▓▓▓▓▓▓▓▓▓▓▓▓▓▓▓▓▓


You could see 3 death yaks.

Vanquished Creatures
  2 death yaks (D)
  2 ugly things (D)
  3 spiny frogs (D)
  A slime creature (D)
  4 yaks (D)
  6 hippogriffs (D)
  2 porcupines (D)
  2 water moccasins (D)
  A sky beast (D)
  2 crocodiles (D)
  A centaur (D)
  A giant frog (D)
  A hound (D)
  A jelly (D)
  2 iguanas (D)
  A sheep (D)
  3 adders (D)
  A dart slug (D)
  A giant gecko (D)
  An orc (D)
  A goblin (D)
  2 hobgoblins (D)
  A quokka (D)
  2 giant gecko zombies (D)
  A kobold (D)
45 creatures vanquished.

Notes
Turn   | Place    | Note
-------+----------+-------------------------------------------
     0 | D        | Groucho the Ghoul Fighter began the quest for the Orb.
     0 | D        | Reached XP level 1. HP: 19/19 MP: 0/0
    16 | D        | Reached skill level 3 in Unarmed Combat
    21 | D        | Reached XP level 2. HP: 19/27 MP: 1/1
    40 | D        | Noticed a sky beast
    48 | D        | Reached skill level 4 in Unarmed Combat
    65 | D        | Killed a sky beast
    65 | D        | Reached skill level 5 in Fighting
    65 | D        | Reached skill level 6 in Unarmed Combat
    65 | D        | Reached XP level 3. HP: 25/36 MP: 2/2
    65 | D        | Reached XP level 4. HP: 30/42 MP: 3/3
    71 | D        | Reached XP level 5. HP: 32/49 MP: 4/4
    94 | D        | Found a glowing silver altar of Zin.
    94 | D        | Found a glowing golden altar of the Shining One.
    94 | D        | Found an ancient bone altar of Kikubaaqudgha.
    94 | D        | Found a basalt altar of Yredelemnul.
    94 | D        | Found a shimmering altar of Xom.
    94 | D        | Found a radiant altar of Vehumet.
    95 | D        | Found an iron altar of Okawaru.
    96 | D        | Found a burning altar of Makhleb.
    97 | D        | Found a deep blue altar of Sif Muna.
    98 | D        | Found a bloodstained altar of Trog.
    99 | D        | Found a sparkling altar of Nemelex Xobeh.
   100 | D        | Found a white marble altar of Elyvilon.
   101 | D        | Found a roughly hewn altar of Beogh.
   102 | D        | Found a viscous altar of Jiyva.
   103 | D        | Found a corrupted altar of Lugonu.
   104 | D        | Found a blossoming altar of Fedhas.
   105 | D        | Found a snail-covered altar of Cheibriados.
   106 | D        | Found a shadowy altar of Dithmenos.
   107 | D        | Found a stormy altar of Qazlal.
   108 | D        | Found an opulent altar of Gozag.
   109 | D        | Found a sacrificial altar of Ru.
   110 | D        | Found an oddly glowing altar of Pakellas.
   111 | D        | Found a hide-covered altar of Uskayaw.
   112 | D        | Found a hazy altar of Hepliaklqana.
   113 | D        | Became a worshipper of Cheibriados the Contemplative
   207 | D        | Noticed a water moccasin
   207 | D        | Noticed a hippogriff
   212 | D        | Killed a hippogriff
   212 | D        | Reached skill level 5 in Armour
   212 | D        | Reached skill level 1 in Dodging
   212 | D        | Reached skill level 5 in Shields
   212 | D        | Reached skill level 7 in Unarmed Combat
   212 | D        | Reached XP level 6. HP: 41/57 MP: 4/7
   216 | D        | Killed a water moccasin
   216 | D        | Reached * piety under Cheibriados
   216 | D        | Reached skill level 8 in Unarmed Combat
   224 | D        | Reached ** piety under Cheibriados
   244 | D        | Noticed a cyan ugly thing
   244 | D        | Noticed a cyan ugly thing
   244 | D        | Noticed a slime creature
   245 | D        | Reached skill level 5 in Invocations
   253 | D        | Killed a slime creature
   253 | D        | Reached *** piety under Cheibriados
   253 | D        | Reached skill level 9 in Unarmed Combat
   253 | D        | Reached XP level 7. HP: 39/66 MP: 8/10
   272 | D        | Killed a red ugly thing
   272 | D        | Reached XP level 8. HP: 30/74 MP: 10/12
   291 | D        | Killed a green ugly thing
   291 | D        | Reached skill level 10 in Unarmed Combat
   292 | D        | Reached **** piety under Cheibriados
   432 | D        | Reached XP level 9. HP: 78/82 MP: 14/14
   434 | D        | Noticed a spiny frog
   441 | D        | Reached ***** piety under Cheibriados
   442 | D        | Noticed a spiny frog
   450 | D        | Reached skill level 5 in Dodging
   450 | D        | Reached skill level 11 in Unarmed Combat
   457 | D        | Killed a spiny frog
   463 | D        | Killed a spiny frog
   503 | D        | Noticed a spiny frog
   508 | D        | Reached ****** piety under Cheibriados
   516 | D        | Reached skill level 10 in Invocations
   520 | D        | Killed a spiny frog
   520 | D        | Reached skill level 12 in Unarmed Combat
   523 | D        | Reached XP level 10. HP: 84/91 MP: 16/16
   531 | D        | Reached skill level 10 in Shields
   534 | D        | Reached skill level 10 in Armour
   555 | D        | Noticed a death yak
   555 | D        | Noticed a death yak
   555 | D        | Noticed a death yak
   558 | D        | Noticed a death yak
   563 | D        | Noticed a death yak
   577 | D        | Killed a death yak
   588 | D        | Killed a death yak
   595 | D        | Slain by a death yak

Vault maps used:
D:        linesprint

Skill      XL: |  1  2  3  4  5  6  7  8  9 10 |
---------------+-------------------------------+-----
Shields        | 3 4 5 6 7 8 9 10 | 10.7
Unarmed Combat | 3 6 7 9 10 12 | 12.9
Armour         | 3 4 5 6 7 8 9 10 | 10.6
Fighting       | 5 6 7 8 9 |  9.9
Dodging        | 1 3 4 5 6 |  6.6
Invocations    | 3 5 7 8 10 11 | 11.3

Action                   |  1- 3 |  4- 6 |  7- 9 | 10-12 || total
-------------------------+-------+-------+-------+-------++-------
Melee: Unarmed           |    42 |    31 |    88 |    40 ||   201
Invok: Slouch            |       |       |       |     3 ||     3
  Use: Potion            |       |       |     2 |       ||     2
       Scroll            |       |       |       |     1 ||     1
  Eat: Chunk             |     2 |     9 |    14 |     1 ||    26
Armor: Scale mail        |    12 |     9 |    13 |     4 ||    38
Dodge: Dodged            |     6 |     6 |    28 |    12 ||    52
Block: Shield            |    13 |    15 |    43 |    18 ||    89
